 Dungeon Crawl Stone Soup version 0.28-a0-779-g3d1f99b579 (webtiles) character file.

Game seed: 12482860278811959148

97 kae the Chopper (level 4, -7/40 HPs)
             Began as a Hill Orc Cinder Acolyte on Nov 2, 2021.
             Was a High Priest of Ignis.
             Mangled by an ogre (18 damage)
             ... on level 3 of the Dungeon.
             The game lasted 00:01:35 (2609 turns).

kae the Chopper (Hill Orc Cinder Acolyte)           Turns: 2609, Time: 00:01:35

Health: -7/40      AC: 11    Str: 17    XL:     4   Next: 68%
Magic:  6/6        EV:  6    Int: 14    God:    Ignis [*****.]
Gold:   129        SH:  0    Dex:  6    Spells: 4/6 levels left

rFire   + . .      SeeInvis .   a - -1 hand axe (flame)
rCold   . . .      Faith    .   (no shield)
rNeg    . . .      Spirit   .   m - +0 chain mail
rPois   .          Reflect  .   (no helmet)
rElec   .          Harm     .   (no cloak)
rCorr   .          Rampage  .   h - +2 pair of gloves
Will    .....                   (no boots)
Stlth   ..........              (no amulet)
HPRegen 0.13/turn               (no ring)
MPRegen 0.10/turn               (no ring)

@: no status effects
A: no striking features
a: Renounce Religion, Sea of Fire, Foxfire Swarm, Rising Flame


You were on level 3 of the Dungeon.
You worshipped Ignis.
Ignis was extremely pleased with you.
You visited 1 branch of the dungeon, and saw 3 of its levels.

You collected 129 gold pieces.

Inventory:

Hand Weapons
 a - a -1 hand axe of flaming (weapon)
Armour
 h - a +2 pair of gloves (worn)
 m - a +0 chain mail (worn)
Scrolls
 b - 2 scrolls of brand weapon {unknown}
 g - a scroll of identify
 j - a scroll of magic mapping
Potions
 c - a potion of curing
 d - a potion of magic
 e - 3 potions of lignification {unknown}
 f - a potion of ambrosia {unknown}
 i - a potion of might {unknown}
 k - a potion of heal wounds {unknown}


   Skills:
 + Level 4.2 Fighting
 * Level 5.3 Axes
 + Level 0.1 Armour
 + Level 1.6 Spellcasting
 + Level 3.9 Fire Magic


You had 4 spell levels left.
You knew the following spells:

 Your Spells              Type           Power      Damage    Failure   Level
a - Scorch                Fire           24%        2d6       80%         2

Your spell library contained the following spells:

 Spells                   Type           Power      Damage    Failure   Level
 Animate Skeleton         Necr           2%         N/A       99%         1
 Apportation              Tloc           2%         N/A       99%         1
 Summon Small Mammal      Summ           4%         N/A       99%         1


Dungeon Overview and Level Annotations

Branches:
Dungeon (3/15)

Altars:


Message History

You kill the jackal!
You barely miss the jackal.
The jackal bites you but does no damage.
There are monsters nearby!
You hit the jackal. You burn the jackal.
The jackal is heavily wounded.
The jackal bites you.
You completely miss the jackal.
The jackal is heavily wounded.
You hit the jackal. You burn the jackal.
The jackal bites you but does no damage. x2
The jackal bites you.
There are monsters nearby!
You hit the jackal. You burn the jackal.
You kill the jackal!
You hit the jackal. You burn the jackal.
You kill the jackal!
No target in view!
Found a shortbow.
No target in view!
No target in view!
You open the door.
An ogre comes into view. It is wielding a +0 giant club.
The ogre shouts!
There is an open door here.
You hit the ogre. You burn the ogre.
The ogre is lightly wounded.
The ogre hits you with a +0 giant club!!
Ouch! That really hurt!
* * * LOW HITPOINT WARNING * * *
You are too injured to fight recklessly!
An ogre is nearby!
You are too injured to fight recklessly!
You are too injured to fight recklessly!
An ogre is nearby!
An ogre is nearby!
You are too injured to fight recklessly!
You are too injured to fight recklessly!
The ogre hits you with a +0 giant club!!
You die...

.....(............... #...
........##.##....############
........##.#.......#.......
.......#.##.#.......#..§.§..
.......#.##.#.......#.§§.≈§.
.......#.##.#.......#§§..≈§.
#####..........#.......'#
#..<..#.###.#########..#.≈..≈..
......#.........@O.....#.≈..§..
#.....#....########....#....≈..
#.....#...........#....#.......
#.#...........#.#..).########
#.....#######.# #...... #.....#
# #......# #.....# ....##.#
#.....# .....# .# ###.....#


You could see an ogre.

Vanquished Creatures
  4 adders
  A worm (D:2)
  3 dart slugs
  4 ball pythons
  6 endoplasms
  A giant cockroach (D:3)
  2 goblins
  2 hobgoblins (D:2)
  3 jackals (D:3)
  6 kobolds
  5 quokkas
  7 bats
  A frilled lizard (D:1)
  2 rats
47 creatures vanquished.

Notes
Turn   | Place    | Note
-------+----------+-------------------------------------------
     0 | D:1      | kae the Hill Orc Cinder Acolyte began the quest for the
                  | Orb.
     0 | D:1      | Reached XP level 1. HP: 19/19 MP: 2/2
   308 | D:1      | Reached XP level 2. HP: 27/27 MP: 3/3
   791 | D:1      | Learned a level 2 spell: Scorch
  1259 | D:2      | Reached XP level 3. HP: 31/33 MP: 4/4
  1596 | D:2      | Reached skill level 5 in Axes
  1596 | D:2      | Reached XP level 4. HP: 25/40 MP: 6/6
  2601 | D:3      | Noticed an ogre
  2609 | D:3      | Mangled by an ogre

Illustrated notes

Levels and vault maps discovered:
D:1:      psy_arrival_statuary, layout_basic, minmay_crystal_water,
          minmay_misc_feat_cross
D:2:      layout_basic, minmay_misc_feat_four_crosses
D:3:      layout_basic, bloody_makhleb, shapermc_ecumenical_altar_notcrosses

Skill      XL: |  1  2  3 |
---------------+----------+-----
Fighting       | 4 |  4.2
Axes           | 5 |  5.3
Armour         | |  0.1
Spellcasting   | |  1.6
Fire Magic     | |  3.9

Action                   |  1- 3 |  4- 6 || total
-------------------------+-------+-------++-------
Melee: Hand axe          |    67 |    51 ||   118
 Cast: Scorch            |       |     4 ||     4
  Use: Scroll            |     2 |     5 ||     7
Armor: Robe              |    19 |     6 ||    25
       Chain mail        |       |    22 ||    22
Dodge: Dodged            |    48 |    24 ||    72

Table legend: (Time is in decaauts)
 A = Elapsed time spent in this place.
 B = Non-inter-level travel time spent in this place.
 C = Inter-level travel time spent in this place.
 D = Time resting spent in this place.
 E = Time spent auto-exploring this place.
 F = Levels seen in this place.
 G = Mean time per level.
                   A        B        C        D        E       F      G
               +--------+--------+--------+--------+--------+-----+--------+
         Total |   2618 |   2429 |    189 |    125 |   1962 |   3 |  872.7 |
       Dungeon |   2618 |   2429 |    189 |    125 |   1962 |   3 |  872.7 |
               +--------+--------+--------+--------+--------+-----+--------+

Top non-repeatable levels by time:
     D:1: 1226 daAuts
     D:2: 913 daAuts
     D:3: 478 daAuts
